AoeStats
← 肥肠拌面

Black Forest

510268020Analyzed
4v4 RM · 24h ago on Sep 30, 2026· 48m 2s· 8 players
Game mode
Random Map
Map size
Large (8 player)
Population
200
Speed
Normal
Resources
Standard
Victory
Conquest
Starting age
Dark Age
Ending age
Imperial Age
RankedLock teamsTeams togetherTeam positionsShared explorationLock speedFull tech treeHidden civsTurbo modeCheats
Victory
Defeat
🇭🇰 Danes · Hong Kong SAR China
1123
+9
🇭🇰 Saxons · Hong Kong SAR China
1121
+10
🇳🇱 Lithuanians · Netherlands
977
+15
🇮🇳 Armenians · India
849
+21
🇺🇸 Romans · United States
1003
-15
🇨🇳 Franks · China
970
-14
🇻🇳 Huns · Vietnam
938
-13
🇹🇷 Britons · Türkiye
938
-13
肥肠拌面
ryioze
14:19 Feudal Age
19:24 Castle Age
17:13 Double-Bit Axe
17:51 Fishing Lines
18:32 Horse Collar
23:10 Stone Mining
26:47 Loom
28:25 Heavy Plow
28:18 Gold Mining
29:45 Gold Shaft Mining
30:40 Bow Saw
31:11 Padded Archer Armor
31:03 Fletching
32:11 Leather Archer Armor
32:04 Treadmill Crane
32:45 Ballistics
32:36 Masonry
33:55 Bodkin Arrow
35:36 Wheelbarrow
37:35 Imperial Age
35:38 Yeomen
36:45 Hand Cart
36:19 Town Watch
37:59 Elite Longbowman
39:47 Chemistry
38:50 Bracer
39:21 Ring Archer Armor
39:19 Town Patrol
40:06 Architecture
Sonhero1
0:52 Loom
12:46 Feudal Age
14:14 Horse Collar
17:30 Castle Age
15:50 Double-Bit Axe
15:56 Stone Mining
15:59 Gold Mining
18:10 Wheelbarrow
20:31 Heavy Plow
22:31 Hand Cart
23:27 Man-at-Arms
26:38 Gold Shaft Mining
28:29 Town Watch
28:49 Long Swordsman
29:30 Squires
30:09 Scale Barding Armor
30:04 Scale Mail Armor
30:14 Forging
30:07 Scale Mail Armor
31:04 Forging
33:33 Husbandry
33:43 Bloodlines
36:12 Imperial Age
34:06 Caravan
36:07 Pikeman
36:44 Legionary
38:01 Iron Casting
37:41 Chain Mail Armor
39:45 Blast Furnace
39:00 Chain Mail Armor
39:35 Conscription
40:24 Chemistry
39:45 Ballistics
39:17 Heavy Scorpion
40:28 Ballistas
41:59 Bow Saw
44:12 Comitatenses
44:28 Guilds
43:52 Halberdier
Juangate
13:01 Feudal Age
17:34 Castle Age
27:32 Double-Bit Axe
37:54 Fletching
38:06 Padded Archer Armor
40:17 Bodkin Arrow
41:44 Town Watch
45:48 Husbandry
谷得超勁
11:15 Feudal Age
15:53 Castle Age
14:54 Double-Bit Axe
18:01 Horse Collar
20:53 Wheelbarrow
22:42 Fishing Lines
25:38 Gillnets
26:54 Bow Saw
26:51 Heavy Plow
30:46 Gold Mining
31:36 Ballistics
31:13 Murder Holes
31:28 Gambesons
31:44 Squires
31:30 Arson
35:28 Imperial Age
32:57 Hamask
34:03 Hand Cart
34:34 Stone Mining
35:19 Gold Shaft Mining
35:34 Northmen's Fury
35:41 Onager
36:50 Siege Engineers
37:47 Chemistry
37:14 Siege Onager
38:35 Conscription
37:36 Elite Jomsviking
39:11 Scale Mail Armor
39:23 Forging
40:43 Stone Shaft Mining
43:18 Iron Casting
42:59 Chain Mail Armor
46:03 Plate Mail Armor
46:33 Blast Furnace
Majorian
11:11 Feudal Age
12:28 Double-Bit Axe
14:53 Castle Age
12:51 Horse Collar
16:04 Bow Saw
16:34 Wheelbarrow
24:29 Gold Mining
24:30 Stone Mining
26:09 Town Watch
26:39 Hand Cart
26:10 Loom
30:12 Imperial Age
28:40 Gold Shaft Mining
28:07 Heavy Plow
28:31 Scale Mail Armor
28:42 Forging
29:52 Chain Mail Armor
30:43 Iron Casting
29:52 Pikeman
30:34 Squires
30:20 Arson
30:21 Gambesons
31:34 Plate Mail Armor
30:29 Elite Varangian Guard
31:42 Town Patrol
33:05 Two-Man Saw
32:37 Crop Rotation
32:14 Caravan
33:00 Conscription
32:20 Halberdier
33:04 Shield Wall
33:41 Fletching
34:43 Bodkin Arrow
35:51 Chemistry
34:58 Elite Hearth Troop
37:19 Bracer
37:42 Ballistics
38:34 Padded Archer Armor
39:48 Coinage
39:28 Guilds
41:46 Leather Archer Armor
41:37 Scale Barding Armor
41:36 Heavy Mounted Crossbowman
41:37 Cranequins
42:23 Thumb Ring
42:44 Bloodlines
42:35 Husbandry
43:20 Ring Archer Armor
42:34 Treadmill Crane
42:42 Onager
43:48 Chain Barding Armor
kwik
0:36 Loom
12:08 Feudal Age
13:12 Man-at-Arms
15:43 Scale Mail Armor
15:55 Forging
15:24 Long Swordsman
17:15 Arson
25:36 Castle Age
26:04 Fletching
26:14 Padded Archer Armor
26:06 Two-Handed Swordsman
26:46 Gambesons
27:01 Squires
26:29 Elite Skirmisher
27:48 Chain Mail Armor
28:09 Iron Casting
27:30 Bodkin Arrow
28:17 Double-Bit Axe
28:15 Horse Collar
28:51 Champion
36:31 Wheelbarrow
35:41 Town Watch
37:06 Leather Archer Armor
37:27 Bow Saw
37:24 Heavy Plow
43:16 Imperial Age
41:04 Hand Cart
40:49 Town Patrol
44:38 Plate Mail Armor
45:09 Blast Furnace
44:10 Bracer
44:40 Ring Archer Armor
KontKorst123
1:21 Loom
11:36 Feudal Age
17:13 Castle Age
16:49 Double-Bit Axe
20:56 Bow Saw
20:27 Horse Collar
24:08 Heavy Plow
26:39 Fishing Lines
27:17 Scale Barding Armor
27:22 Forging
28:32 Gillnets
32:04 Imperial Age
29:27 Town Watch
30:40 Gold Mining
30:41 Stone Mining
31:28 Iron Casting
31:53 Wheelbarrow
31:18 Town Patrol
31:59 Caravan
32:56 Stone Shaft Mining
32:55 Chain Barding Armor
33:03 Elite Leitis
34:39 Crop Rotation
34:54 Conscription
35:05 Hand Cart
34:50 Town Patrol
34:43 Fletching
39:10 Plate Barding Armor
42:54 Bodkin Arrow
43:25 Bloodlines
43:16 Husbandry
44:24 Chemistry
43:44 Ballistics
43:06 Treadmill Crane
45:59 Coinage
45:40 Guilds
Connection lost

Rejoining the realm…

Still unreachable

The connection could not be restored.

Session expired

The server has moved on; the page needs a fresh start.